 Dungeon Sprint DCSS version 0.30-a0-964-gd452b5e7fa (webtiles) character file.

Game seed: 14004506705633479249

126 dialectric the Covert (level 4, 0/19 (23) HPs)
             Began as a Spriggan Brigand on Mar 30, 2023.
             Slain by a necrophage (3 damage)
             ... in the Dungeon (Sprint II: "The Violet Keep of Menkaure").
             The game lasted 00:00:22 (25 turns).

dialectric the Covert (Spriggan Brigand)              Turns: 25, Time: 00:00:22

HP:   0/19 (23)     AC:  3    Str:  7    XL:     4   Next: 83%
MP:   5/5           EV: 17    Int: 12    God:
Gold: 0             SH:  0    Dex: 18    Spells: 3/3 levels left

rFire   . . .      SeeInvis +    a - +2 dagger
rCold   . . .      Faith    .    (no shield)
rNeg    . . .      Spirit   .    b - +0 robe
rPois   .          Reflect  .    (helmet restricted)
rElec   .          Rampage  .    c - +0 cloak
rCorr   .          NoTele   +    (gloves unavailable)
Will    .....                    (boots unavailable)
Stlth   ++++++                   (no amulet)
HPRegen 0.23/turn                (no ring)
MPRegen 0.09/turn                (no ring)

@: on berserk cooldown, slowed, heavily drained, quick
A: very small, no large weapons, unfitting armour, see invisible, speed 3
a: no special abilities


You were in the Dungeon.
You visited 1 branch

Inventory:

Hand Weapons
 a - a +2 dagger (weapon)
Missiles
 d - 9 poisoned darts (quivered)
 e - 3 curare-tipped darts
Armour
 b - a +0 robe (worn)
 c - a +0 cloak (worn)
Scrolls
 k - a scroll of blinking
Potions
 f - a potion of curing
 g - a potion of heal wounds
 h - a potion of haste
 i - 2 potions of magic


   Skills:
 + Level 2.6 Fighting
 + Level 3.6 Short Blades
 - Level 3.2 Throwing
 + Level 1.7 Dodging
 * Level 14.0 Stealth


You had 3 spell levels left.
You didn't know any spells.
Your spell library was empty.

Dungeon Overview and Level Annotations

Branches:
Dungeon (1/1)

Altars:


Innate Abilities, Weirdness & Mutations

You are very small and have problems with some larger weapons.
You are too small for most types of armour.
You have supernaturally acute eyesight. (SInv)
You cover ground extremely quickly. (Speed+++)


Message History

You puncture the necrophage!
You destroy the necrophage!
Your Stealth skill gained 3 levels and is now at level 14!
You have reached level 4!
The necrophage misses you.
There is an open door here.
Things that are here:
a necrophage corpse; a necrophage corpse You closely miss the necrophage.
You puncture the necrophage!
The necrophage is moderately damaged.
The necrophage hits you.
You feel drained.
You barely miss the necrophage.
The necrophage is moderately damaged.
You closely miss the necrophage.
The necrophage is moderately damaged.
The necrophage hits you but does no damage.
You puncture the necrophage!
The necrophage is severely damaged.
You are no longer berserk.
You are exhausted.
You feel yourself slow down. The necrophage hits you.
You feel drained.
You hit the necrophage.
The necrophage is severely damaged.
The necrophage hits you.
You hit the necrophage.
The necrophage is almost destroyed.
The necrophage hits you.
You feel drained.
You barely miss the necrophage.
The necrophage is almost destroyed.
The necrophage barely misses you.
You hit the necrophage.
The necrophage is almost destroyed.
The necrophage closely misses you.
You hit the necrophage.
You destroy the necrophage!
The necrophage hits you!
* * * LOW HITPOINT WARNING * * *
You feel drained.
You die...

## ##.#
#+#
#..n##.##
#@.<.+
#...##.##
##.# #+#
##


You could see a necrophage.

Vanquished Creatures
  3 necrophages (D)
3 creatures vanquished.

Notes
Turn   | Place    | Note
-------+----------+-------------------------------------------
     0 | D        | dialectric the Spriggan Brigand began the quest for the
                  | Orb.
     0 | D        | Reached XP level 1. HP: 10/10 MP: 2/2
     1 | D        | Noticed a necrophage
     1 | D        | Noticed a necrophage
     1 | D        | Noticed a necrophage
     1 | D        | Noticed a necrophage
     8 | D        | Killed a necrophage
     9 | D        | Reached skill level 11 in Stealth
     9 | D        | Reached XP level 2. HP: 16/16 MP: 3/3
     9 | D        | Reached XP level 3. HP: 19/19 MP: 4/4
    14 | D        | Killed a necrophage
    15 | D        | Reached skill level 14 in Stealth
    15 | D        | Reached XP level 4. HP: 23/23 MP: 5/5
    25 | D        | Killed a necrophage
    25 | D        | Slain by a necrophage

Illustrated notes

Levels and vault maps discovered:
D:        the_violet_keep_of_menkaure [sprint2_stairs_cluster_1,
          sprint2_shoproom, sprint2_temple, sprint2_basic_supplies,
          sprint2_obstacle_3, sprint2_obstacle_1, sprint2_obstacle_5,
          sprint2_obstacle_6, sprint2_obstacle_4, sprint2_timed_cluster_1,
          sprint2_smallroom_cluster_1, sprint2_smallroom_final_cluster_1,
          sprint2_transparent_cluster_1, sprint2_second_timed_cluster_1,
          sprint2_sniper_area_1, sprint2_heavy_combat_area_1,
          sprint2_mutation_trap_area_1, sprint2_forest_area_1,
          sprint2_light_combat_area_1, sprint2_behind_water_1,
          sprint2_near_end_vault_1]

Skill      XL: |  1  2  3 |
---------------+----------+-----
Fighting       | 2 |  2.6
Short Blades   | 3 |  3.6
Throwing       | 3 |  3.2
Stealth        | 11 14 | 14.0
Dodging        | |  1.7

Action                     |  1- 3 |  4- 6 || total
---------------------------+-------+-------++-------
  Melee: Dagger            |    10 |    10 ||    20
    Use: Potion            |     1 |       ||     1
 Armour: Robe              |     1 |     1 ||     2
  Dodge: Dodged            |     3 |     3 ||     6

Table legend: (Time is in decaauts)
 A = Elapsed time spent in this place.
 B = Non-inter-level travel time spent in this place.
 C = Inter-level travel time spent in this place.
 D = Time resting spent in this place.
 E = Time spent auto-exploring this place.
 F = Levels seen in this place.
 G = Mean time per level.
                   A        B        C        D        E       F      G
               +--------+--------+--------+--------+--------+-----+--------+
         Total |     17 |     17 |      0 |      0 |      0 |   1 |   17.0 |
       Dungeon |     17 |     17 |      0 |      0 |      0 |   1 |   17.0 |
               +--------+--------+--------+--------+--------+-----+--------+

Top non-repeatable levels by time:
       D: 17 daAuts
